 Dungeon Crawl Stone Soup version 0.29-a0-275-g389c0b56f3 (webtiles) character file.

Game seed: 12407151116780778986

56 spaghetti the Conjurer (level 3, -6/19 HPs)
             Began as a Deep Elf Conjurer on Mar 10, 2022.
             Mangled by a phantom (8 damage)
             ... on level 4 of the Dungeon.
             The game lasted 00:02:33 (1874 turns).

spaghetti the Conjurer (Deep Elf Conjurer)          Turns: 1874, Time: 00:02:33

Health: -6/19      AC:  3    Str: 10    XL:     3   Next: 71%
Magic:  3/9        EV: 12    Int: 24    God:
Gold:   91         SH:  0    Dex: 15    Spells: 7/8 levels left

rFire   . . .      SeeInvis .   (no weapon)
rCold   . . .      Faith    .   (no shield)
rNeg    . . .      Spirit   .   a - +0 robe
rPois   .          Reflect  .   j - +0 helmet
rElec   .          Harm     .   (no cloak)
rCorr   .          Rampage  .   (no gloves)
Will    .....      Clarity  +   (no boots)
Stlth   ++........              (no amulet)
HPRegen 0.06/turn               h - +6 ring of strength
MPRegen 0.11/turn               (no ring)

@: brilliant, about to teleport
A: agile 1, clarity, wild magic 1
a: no special abilities


You were on level 4 of the Dungeon.
You visited 1 branch of the dungeon, and saw 5 of its levels.

You collected 91 gold pieces.


Innate Abilities, Weirdness & Mutations

You are agile. (Dex +2)
You possess an exceptional clarity of mind.
Your spells are a little harder to cast, but a little more powerful.


   Skills:
 - Level 2.4 Dodging
 - Level 2.4 Stealth
 - Level 3.0 Spellcasting
 + Level 6.0 Conjurations


You had 7 spell levels left.
You knew the following spells:

 Your Spells              Type           Power      Damage    Failure   Level
a - Magic Dart            Conj           100%       1d8       1%          1

Your spell library contained the following spells:

 Spells                   Type           Power      Damage    Failure   Level
 Searing Ray              Conj           100%       2d8       2%          2
 Foxfire                  Conj/Fire      100%       2x1d9     5%          1
 Shock                    Conj/Air       100%       1d9       5%          1
 Conjure Flame            Conj/Fire      35%        6-21      14%         3
 Dazzling Flash           Conj/Hex       70%        N/A       14%         3
 Flame Wave               Conj/Fire      35%        2d8       38%         4
 Fulminant Prism          Conj/Hex       17%        3d11      38%         4
 Iskenderun's Mystic Bla  Conj/Tloc      35%        2d8       38%         4
 Inner Flame              Hex/Fire       7%         N/A       41%         3
 Swiftness                Air            7%         N/A       41%         3
 Airstrike                Air            3%         N/A       78%         4

Inventory:

Hand Weapons
 c - a +0 club {mace}
   (You took it off a kobold on level 1 of the Dungeon)
 d - a +0 dagger {short}
   (You found it on level 1 of the Dungeon)
 f - a +2 dagger of draining {short}
   (You found it on level 1 of the Dungeon)
 l - a +0 club {mace}
   (You took it off a goblin on level 1 of the Dungeon)
 o - a +0 club {mace}
   (You took it off a goblin on level 2 of the Dungeon)
 r - a +0 club {mace}
   (You took it off a goblin on level 3 of the Dungeon)
Missiles
 g - 6 boomerangs of dispersal {=f!fthrowing}
 k - 23 stones {throwing}
 t - 5 poisoned darts {throwing}
Armour
 a - a +0 robe (worn)
 j - a +0 helmet (worn)
   (You found it on level 1 of the Dungeon)
Jewellery
 h - a +6 ring of strength (left hand)
   (You found it on level 1 of the Dungeon)
Scrolls
 m - 2 scrolls of teleportation {@r4}
 n - a scroll of noise {!r}
 s - a scroll of magic mapping {unknown}
Potions
 e - a potion of cancellation
 i - a potion of brilliance

Dungeon Overview and Level Annotations

Branches:
Dungeon (5/15)
 Temple: D:4-7

Altars:

Shops:
D:1 (

Annotations:
D:3 Natasha

###########
#.........#
#.........#
#.........#
#...W......
#ยง.@.......
#..<......#
#.........#
###########


You could see a phantom.


Message History

It was a potion of mutation.
You feel extremely strange.
Your thoughts seem clearer.
You feel less in control of your magic.
You feel agile. The ufetubus closely misses you. The ufetubus misses you.
The dart slug launches a dart at you. The slug dart hits you.
* * * LOW HITPOINT WARNING * * *
The ufetubus completely misses you.
The ufetubus barely misses you. ๐Ÿ˜จ HP[-3]
You take 3 damage, and now have 9/19 hp.
It was a potion of curing.
You feel better. The ufetubus barely misses you.
The ufetubus hits you. ๐Ÿ˜• HP[+8]
You regained 8 hp, and now have 17/19 hp.
Aiming: Magic Dart (safe; 2% risk of failure)
Press: ? - help, Q - select action, (/) - cycle Shift-Dir - straight line, f - dart slug
Aim: a dart slug (100% to hit)
You feel a surge of power!
The magic dart hits the dart slug!
The ufetubus hits you. The ufetubus barely misses you. The dart slug bites you.
The ufetubus hits you.
The ufetubus hits you but does no damage. ๐Ÿ˜ฎ HP[-7]
You take 7 damage, and now have 10/19 hp.
MASSIVE DAMAGE!! (PAUSE)
Aiming: Magic Dart (safe; 2% risk of failure)
Press: ? - help, Q - select action, (/) - cycle Shift-Dir - straight line, f/p - dart slug
Aim: a dart slug (heavily wounded, 100% to hit)
You feel a surge of power!
The magic dart hits the dart slug.
The ufetubus hits you but does no damage.
The ufetubus closely misses you. The dart slug launches a dart at you.
The slug dart misses you. ๐Ÿ˜ฎ HP[+1] MP[-1]
You lost 1 mp, and now have 8/9 mp.
Aiming: Magic Dart (safe; 2% risk of failure)
Press: ? - help, Q - select action, (/) - cycle Shift-Dir - straight line, f/p - dart slug
Aim: a dart slug (severely wounded, 100% to hit)
You feel a surge of power!
The magic dart hits the dart slug.
You kill the dart slug!
The ufetubus hits you. The ufetubus barely misses you.
The ufetubus hits you but does no damage.
The ufetubus barely misses you. ๐Ÿ˜ฎ HP[-1] MP[-1]
You take 1 damage, and now have 10/19 hp.
You lost 1 mp, and now have 7/9 mp.
Aiming: Magic Dart (safe; 1% risk of failure)
Press: ? - help, Q - select action, (/) - cycle Shift-Dir - straight line, f - ufetubus
Aim: an ufetubus (100% to hit)
You feel a surge of power!
The magic dart hits the ufetubus.
The ufetubus closely misses you.
The ufetubus barely misses you. ๐Ÿ˜ฎ MP[-1]
You lost 1 mp, and now have 6/9 mp.
Aiming: Magic Dart (safe; 1% risk of failure)
Press: ? - help, Q - select action, (/) - cycle Shift-Dir - straight line, f/p - ufetubus
Aim: an ufetubus (lightly wounded, 100% to hit)
You feel a surge of power!
The magic dart hits the ufetubus.
The ufetubus barely misses you. The ufetubus closely misses you.
The ufetubus misses you. The ufetubus hits you.
* * * LOW HITPOINT WARNING * * *
๐Ÿ˜จ HP[-3] MP[-1]
You take 3 damage, and now have 7/19 hp.
You lost 1 mp, and now have 5/9 mp.
Aiming: Magic Dart (safe; 1% risk of failure)
Press: ? - help, Q - select action, (/) - cycle Shift-Dir - straight line, f/p - ufetubus
Aim: an ufetubus (heavily wounded, 100% to hit)
You feel a surge of power!
The magic dart hits the ufetubus.
The ufetubus barely misses you.
The ufetubus closely misses you. ๐Ÿ˜จ MP[-1]
You lost 1 mp, and now have 4/9 mp.
Aiming: Magic Dart (safe; 1% risk of failure)
Press: ? - help, Q - select action, (/) - cycle Shift-Dir - straight line, f/p - ufetubus
Aim: an ufetubus (almost dead, 100% to hit)
You feel a surge of power!
The magic dart hits the ufetubus!
You kill the ufetubus!
Your Conjurations skill increases to level 6! ๐Ÿ˜จ MP[-1]
You lost 1 mp, and now have 3/9 mp.
You start resting.
A sky beast comes into view. ๐Ÿ˜จ MP[+1] Unknown command.
You climb upwards.
The phantom barely misses you.
There is a stone staircase leading down, spattered with blood here.
Aiming: Magic Dart (safe; 1% risk of failure)
Press: ? - help, Q - select action, (/) - cycle Shift-Dir - straight line, f - phantom
Aim: a phantom (100% to hit)
You feel a surge of power!
The magic dart hits the phantom.
The phantom hits you.
* * * LOW HITPOINT WARNING * * *
The phantom blinks!
You blink. ๐Ÿ˜ฑ HP[-5] MP[-1]
You take 5 damage, and now have 2/19 hp.
MASSIVE DAMAGE!! (PAUSE)
You lost 1 mp, and now have 3/9 mp.
Okay, then.
As you read the scroll of teleportation {@r4}, it crumbles to dust.
You feel strangely unstable. The phantom hits you!
You die...

Skill      XL: |  1  2  3 |
---------------+----------+-----
Conjurations   | 5 6 |  6.0
Dodging        | |  2.4
Stealth        | |  2.4
Spellcasting   | |  3.0

Action                   || total
-------------------------++-------
 Cast: Magic Dart        ||    80
  Use: Scroll            ||     4
       Potion            ||     4
Armor: Robe              ||     5
Dodge: Dodged            ||    23

Levels and vault maps discovered:
D:1:      dpeg_arrival_boxes_within_box, layout_loops_ring, serial_shops,
          nicolae_shop_temple_entry_statues_fountains
D:2:      layout_rooms
D:3:      layout_basic, uniq_natasha
D:4:      layout_rooms
D:5:      layout_loops_ring, serial_rivers, chequers_serial_rivers_micro_c,
          chequers_serial_rivers_marsh, chequers_serial_rivers_small_3,
          chequers_serial_rivers_room_b, chequers_serial_rivers_room_a,
          minmay_misc_feat_plants, minmay_fractal_squares_gapless_5

Notes
Turn   | Place    | Note
-------+----------+-------------------------------------------
     0 | D:1      | spaghetti the Deep Elf Conjurer began the quest for the
                  | Orb.
     0 | D:1      | Reached XP level 1. HP: 10/10 MP: 6/6
     0 | D:1      | magus.rc [v1.9.6]
   167 | D:1      | Reached XP level 2. HP: 15/15 MP: 5/8
   337 | D:1      | Reached skill level 5 in Conjurations
   445 | D:1      | Found Hulleuj's Weapon Shop.
   673 | D:1      | You pick up a book of Flames and begin reading...
   673 | D:1      | You add the spells Foxfire, Conjure Flame, Inner Flame and
                  | Flame Wave to your library.
  1139 | D:2      | Reached XP level 3. HP: 19/19 MP: 3/9
  1194 | D:2      | You pick up a book of Air and begin reading...
  1194 | D:2      | You add the spells Shock, Swiftness and Airstrike to your
                  | library.
  1844 | D:3      | Noticed Natasha
  1851 | D:4      | Noticed a phantom
  1855 | D:5      | Entered Level 5 of the Dungeon
  1858 | D:5      | Gained mutation: You possess an exceptional clarity of
                  | mind. [potion of mutation]
  1858 | D:5      | Gained mutation: Your spells are a little harder to cast,
                  | but a little more powerful. [potion of mutation]
  1858 | D:5      | Gained mutation: You are agile. (Dex +2) [potion of
                  | mutation]
  1867 | D:5      | Reached skill level 6 in Conjurations
  1870 | D:5      | Noticed a sky beast
  1873 | D:4      | HP: 2/19 [phantom (5)]
  1874 | D:4      | Mangled by a phantom

Vanquished Creatures
  An ufetubus (D:5)
  A worm (D:2)
  2 dart slugs
  An orc (D:3)
  5 ball pythons
  3 endoplasms
  5 giant cockroaches
  4 goblins
  4 hobgoblins
  2 quokkas (D:1)
  2 bats
  4 frilled lizards
  2 kobolds
  4 rats
40 creatures vanquished.

Table legend:
 A = Non-vault XP
 B = Vault XP
 C = Vault XP percentage of total XP
 D = Non-vault monster count
 E = Vault monster count
 F = Vault count percentage of total count
                 A         B        C        D         E       F
            +---------+---------+-------+---------+---------+-------
      Total |      81 |       0 |   0.0 |      40 |       0 |   0.0
            +---------+---------+-------+---------+---------+-------
        D:1 |      31 |       0 |   0.0 |      18 |       0 |   0.0
        D:2 |      25 |       0 |   0.0 |      13 |       0 |   0.0
        D:3 |      13 |       0 |   0.0 |       7 |       0 |   0.0
        D:5 |      12 |       0 |   0.0 |       2 |       0 |   0.0
            +---------+---------+-------+---------+---------+-------

Illustrated notes

Table legend:
 A = Kills in this place as a percentage of kills in entire the game.
 B = Kills by you in this place as a percentage of kills by you in the entire game.
 C = Kills by friends in this place as a percentage of kills by friends in the entire game.
 D = Other kills in this place as a percentage of other kills in the entire game.
 E = Experience gained in this place as a percentage of experience gained in the entire game.
 F = Experience gained in this place divided by the number of levels of this place that you have seen.
                   A       B       C       D       E      F
               +-------+-------+-------+-------+-------+----------------------
         Total | 100.0 | 100.0 |   N/A |   N/A | 100.0 |  16.2
       Dungeon | 100.0 | 100.0 |   N/A |   N/A | 100.0 |  16.2
               +-------+-------+-------+-------+-------+----------------------

Table legend: (Time is in decaauts)
 A = Elapsed time spent in this place.
 B = Non-inter-level travel time spent in this place.
 C = Inter-level travel time spent in this place.
 D = Time resting spent in this place.
 E = Time spent auto-exploring this place.
 F = Levels seen in this place.
 G = Mean time per level.
                   A        B        C        D        E       F      G
               +--------+--------+--------+--------+--------+-----+--------+
         Total |   1872 |   1829 |     43 |     38 |   1620 |   5 |  374.4 |
       Dungeon |   1872 |   1829 |     43 |     38 |   1620 |   5 |  374.4 |
               +--------+--------+--------+--------+--------+-----+--------+

Top non-repeatable levels by time:
     D:1: 921 daAuts
     D:2: 826 daAuts
     D:3: 101 daAuts
     D:5: 16 daAuts
     D:4: 6 daAuts
